AoeStats
← Leão

Arabia

507599930Analyzed
1v1 RM · 13d ago on Sep 18, 2026· 44m 38s· 2 players
Game mode
Random Map
Map size
Tiny (2 player)
Population
200
Speed
Normal
Resources
Standard
Victory
Conquest
Starting age
Dark Age
Ending age
Imperial Age
RankedLock teamsTeams togetherTeam positionsShared explorationLock speedFull tech treeHidden civsTurbo modeCheats
Victory
Defeat
🇧🇷 Magyars · Brazil
1250
+15
🇦🇷 Hindustanis · Argentina
1220
-15
Alfiiee182
3:17 Loom
9:44 Feudal Age
11:31 Double-Bit Axe
15:58 Forging
17:42 Scale Barding Armor
25:08 Castle Age
23:34 Horse Collar
23:54 Gold Mining
24:46 Bloodlines
26:11 Chain Barding Armor
26:27 Iron Casting
26:16 Bow Saw
25:30 Light Cavalry
29:35 Town Watch
31:05 Husbandry
35:14 Wheelbarrow
38:50 Gold Shaft Mining
38:05 Stone Mining
40:00 Hand Cart
43:08 Imperial Age
40:42 Town Patrol
41:26 Squires
42:04 Scale Mail Armor
43:14 Heavy Camel Rider
45:19 Conscription
Leão
6:25 Loom
9:12 Feudal Age
10:38 Double-Bit Axe
21:35 Castle Age
20:55 Horse Collar
21:35 Gold Mining
21:46 Scale Mail Armor
21:53 Scale Barding Armor
22:34 Bow Saw
25:30 Bloodlines
25:21 Husbandry
25:35 Pikeman
30:57 Chain Barding Armor
31:49 Stone Mining
33:21 Wheelbarrow
32:32 Town Watch
33:45 Scale Mail Armor
35:24 Gold Shaft Mining
38:06 Chain Mail Armor
38:14 Hand Cart
39:21 Fletching
42:15 Imperial Age
39:36 Arson
40:00 Heavy Plow
42:31 Ballistics
42:08 Bodkin Arrow
42:18 Cavalier
43:35 Plate Barding Armor
44:09 Chemistry
44:18 Two-Man Saw
43:24 Halberdier
44:54 Bracer
Connection lost

Rejoining the realm…

Still unreachable

The connection could not be restored.

Session expired

The server has moved on; the page needs a fresh start.